 Dungeon Crawl Stone Soup version 0.30-a0-218-gedb9141078 (webtiles) character file.

Game seed: 4421251335859484647

2752 LnG the Covert (level 10, -9/51 (56) HPs)
             Began as a Kobold Summoner on Oct 6, 2022.
             Was an Initiate of Dithmenos.
             Mangled by a wight
             ... wielding a +4 trident
              (12 damage)
             ... on level 6 of the Dungeon.
             The game lasted 00:30:49 (6926 turns).

LnG the Covert (Kobold Summoner)                    Turns: 6926, Time: 00:30:49

HP:   -9/51 (56)    AC:  3    Str:  6    XL:     10   Next: 0%
MP:   15/18         EV: 17    Int: 20    God:    Dithmenos [......]
Gold: 1869          SH:  0    Dex: 16    Spells: 7/20 levels left

rFire   . . .      SeeInvis .    c - +5 quick blade (venom)
rCold   . . .      Faith    .    (no shield)
rNeg    . . .      Spirit   .    a - +0 robe
rPois   .          Reflect  .    h - +1 hat
rElec   .          Harm     .    (no cloak)
rCorr   .          Rampage  .    (no gloves)
Will    .....                    (no boots)
Stlth   ++++++....               t - amulet of the acrobat
HPRegen 0.28/turn                (no ring)
MPRegen 0.16/turn                (no ring)

@: drained
A: small, no large weapons, nightstalker 3
a: Renounce Religion


You were on level 6 of the Dungeon.
You worshipped Dithmenos.
Dithmenos was noncommittal.
You visited 1 branch of the dungeon, and saw 6 of its levels.
You also visited: Sewer.

You collected 1869 gold pieces.

Inventory:

Hand Weapons
 c - a +5 quick blade of venom (weapon)
 f - a +0 dagger
 o - the +5 whip of Wausch {spect, *Noise rN+ Dex+5 SInv}
   (You found it on level 3 of the Dungeon)

   When its wielder attacks, the weapon's spirit leaps out and strikes again.
   The spirit shares a part of any damage it takes with its wielder.
   Dex:       It affects your dexterity (+5).
   rN:        It protects you from negative energy.
   SInv:      It lets you see invisible.
   *Noise:    It may make noises in combat.
Missiles
 p - 2 throwing nets
Armour
 a - a +0 robe (worn)
 h - a +1 hat (worn)
Jewellery
 t - an amulet of the acrobat (around neck)
 w - an amulet of faith
Scrolls
 e - 2 scrolls of amnesia
 k - 2 scrolls of teleportation
 l - a scroll of magic mapping
 n - a scroll of torment {unknown}
Potions
 b - 2 potions of magic
 d - 4 potions of might
 i - 6 potions of flight
 j - a potion of cancellation {unknown}
 q - a potion of lignification {unknown}
 r - 4 potions of attraction {unknown}
 s - 2 potions of brilliance {unknown}
 u - a potion of curing
 v - a potion of haste {unknown}


   Skills:
 + Level 3.3 Fighting
 + Level 5.9 Short Blades
 + Level 5.1 Dodging
 * Level 11.3 Stealth
 + Level 5.9 Spellcasting
 + Level 0.3 Hexes
 + Level 6.7 Summonings


You had 7 spell levels left.
You knew the following spells:

 Your Spells              Type           Power      Damage    Failure   Level
a - Summon Small Mammal   Summ           100%       N/A       1%          1
b - Call Imp              Summ           33%        N/A       1%          2
c - Call Canine Familiar  Summ           33%        N/A       1%          3
d - Summon Guardian Gole  Hex/Summ       20%        N/A       8%          3
e - Summon Lightning Spi  Summ/Air       19%        N/A       26%         4

Your spell library contained the following spells:

 Spells                   Type           Power      Damage    Failure   Level
 Slow                     Hex            28%        N/A       10%         1
 Apportation              Tloc           10%        N/A       11%         1
 Necrotise                Necr           20%        1d5       11%         1
 Ensorcelled Hibernation  Hex/Ice        12%        N/A       16%         2
 Confusing Touch          Hex            7%         N/A       28%         3
 Spider Form              Tmut/Pois      5%         N/A       32%         3
 Vampiric Draining        Necr           5%         2d6       32%         3
 Summon Forest            Summ/Tloc      9%         N/A       58%         5
 Anguish                  Hex/Necr       3%         N/A       69%         4
 Summon Hydra             Summ           16%        N/A       99%         7
 Eringya's Noxious Bog    Tmut/Pois      2%         N/A       100%        6


Dungeon Overview and Level Annotations

Branches:
Dungeon (6/15)              Sewer (visited)
 Temple: D:4-7

Altars:
Ashenzari
Dithmenos
Elyvilon
Hepliaklqana
Okawaru
Trog
Vehumet
Wu Jian
Yredelemnul
The Shining One


Innate Abilities, Weirdness & Mutations

You are small and have problems with some larger weapons.
You are completely attuned to the shadows.


Message History

You barely miss the wight. The wight hits you with a +4 trident!
You hit the wight.
The wight is moderately damaged.
You closely miss the wight.
The wight is moderately damaged.
You hit the wight.
The wight is heavily damaged.
The wight closely misses you.
You hit the wight.
The wight is severely damaged.
You barely miss the wight.
The wight is severely damaged.
The wight hits you with a +4 trident.
You feel drained.
You hit the wight but do no damage.
The wight is severely damaged.
You hit the wight but do no damage.
The wight is severely damaged.
The wight hits you with a +4 trident!
You closely miss the wight.
The wight is severely damaged.
You completely miss the wight.
The wight is severely damaged.
You hit the wight but do no damage.
The wight is severely damaged.
The wight hits you with a +4 trident!
* * * LOW HITPOINT WARNING * * *
You feel drained.
* * * LOW HITPOINT WARNING * * *
You hit the wight but do no damage.
The wight is severely damaged.
You hit the wight but do no damage.
The wight is severely damaged.
The wight closely misses you.
Casting: Call Imp (safe; 1% risk of failure)
Confirm with . or Enter, or press ? or * to list all spells.
The wight hits you with a +4 trident!
* * * LOW HITPOINT WARNING * * *
You feel drained. The wight attacks as you move away!
The wight hits you with a +4 trident!
You die...

#...###.............#..#
#..####..##...####.....# ##..#
#...###..# ###..## #..[###..##
#..# #.# ##(..##..## #..# ..#
#....##..# #..# .# #....#...#
#..## ..#####.. ........## ##.z#
## ......... ........# #.@# #..
#....... #......##
###†.###...###....#..
##.....######....h....##......#..
#................................
.............#####...............
#...#...#....# #...............
.#.#...#.#..## ##..........####
..#...#.).#.# #.........##
......).....## #........##


You could see a wight (ally target) and a friendly hound (summoned).

Vanquished Creatures
  Grinder (D:6)
  A steam dragon (D:6)
  2 water moccasins (D:6)
  3 ogres
  A centaur (D:6)
  A bullfrog (D:6)
  2 scorpions (D:5)
  A necrophage (D:6)
  3 wights
  2 howler monkeys (D:6)
  3 jellies
  A gnoll bouda (D:6)
  2 iguanas (D:6)
  An orc wizard (D:6)
  4 adders
  4 river rats
  A shadow imp (D:5)
  A white imp (D:6)
  2 ufetubi
  4 worms
  A dart slug (D:1)
  5 orcs
  6 ball pythons
  5 endoplasms
  5 giant cockroaches
  8 goblins
  2 hobgoblins
  5 jackals
  2 kobolds
  2 quokkas
  7 bats
  8 frilled lizards
  6 rats
102 creatures vanquished.

Vanquished Creatures (collateral kills)
  A komodo dragon (D:6)
  A shadow (D:6)
  An ogre (D:5)
  A centaur (D:6)
  A phantom (D:6)
  A scorpion (D:6)
  A wight (D:5)
  A jelly (D:6)
  A hound (D:5)
  6 gnolls
  4 adders
  2 river rats
  An ufetubus (D:5)
  2 worms
  A dart slug (D:2)
  5 orcs
  5 ball pythons
  5 bats (Sewer)
  4 endoplasms
  2 giant cockroaches
  A goblin (D:4)
  3 hobgoblins
  5 jackals
  4 quokkas
  2 frilled lizards
  3 kobolds
64 creatures vanquished.

Vanquished Creatures (others)
  3 fungi (D:6)
3 creatures vanquished.

Grand Total: 169 creatures vanquished

Notes
Turn   | Place    | Note
-------+----------+-------------------------------------------
     0 | D:1      | LnG the Kobold Summoner began the quest for the Orb.
     0 | D:1      | Reached XP level 1. HP: 10/10 MP: 3/3
   327 | D:1      | Reached XP level 2. HP: 15/15 MP: 5/5
   330 | D:1      | Learned a level 2 spell: Call Imp
   463 | D:1      | Found a faded altar of an unknown god.
   524 | D:1      | Reached skill level 3 in Stealth
   840 | D:2      | Reached XP level 3. HP: 19/19 MP: 3/6
   878 | D:2      | Identified a scroll of acquirement
   878 | D:2      | Acquired 914 gold pieces
  1390 | D:2      | Acquired 500 gold pieces
  1465 | D:2      | Reached skill level 4 in Stealth
  1961 | D:3      | Learned a level 3 spell: Call Canine Familiar
  1972 | D:3      | Reached skill level 1 in Short Blades
  1999 | D:3      | Identified the +5 whip of Wausch {spect, *Noise rN+ Dex+5
                  | SInv}
  2069 | D:3      | Reached XP level 4. HP: 5/24 MP: 3/7
  2205 | D:3      | Found a glowing drain.
  2210 | Sewer    | Entered a sewer
  2277 | Sewer    | Reached XP level 5. HP: 28/28 MP: 4/8
  2296 | Sewer    | Reached skill level 5 in Stealth
  2688 | Sewer    | HP: 1/28 [poisoned by an adder]
  3090 | Sewer    | Reached XP level 6. HP: 26/33 MP: 7/10
  3203 | D:3      | Reached skill level 1 in Fighting
  3457 | D:3      | Reached skill level 6 in Stealth
  3882 | D:4      | Noticed an ogre
  3886 | D:4      | Killed an ogre
  4083 | D:4      | Reached XP level 7. HP: 38/38 MP: 11/11
  4133 | D:4      | Found a glowing golden altar of the Shining One.
  4493 | D:4      | Reached skill level 7 in Stealth
  4507 | D:4      | Found an iron altar of Okawaru.
  4566 | D:4      | Learned a level 3 spell: Summon Guardian Golem
  4583 | D:5      | Entered Level 5 of the Dungeon
  4790 | D:5      | Acquired a +4 quick blade of venom
  4888 | D:5      | Found a hazy altar of Hepliaklqana.
  4940 | D:5      | Reached skill level 5 in Summonings
  5031 | D:5      | Found a broken altar of Ashenzari.
  5113 | D:5      | Reached skill level 8 in Stealth
  5313 | D:5      | Found a radiant altar of Vehumet.
  5362 | D:6      | Reached XP level 8. HP: 31/44 MP: 13/13
  5398 | D:6      | Noticed Grinder
  5409 | D:6      | Killed Grinder
  5575 | D:6      | Reached skill level 9 in Stealth
  5650 | D:6      | Noticed a komodo dragon
  5759 | D:6      | Killed a komodo dragon
  5760 | D:6      | Reached XP level 9. HP: 49/49 MP: 9/16
  5860 | D:6      | Reached skill level 10 in Stealth
  5860 | D:6      | Reached skill level 5 in Spellcasting
  5920 | D:6      | Reached skill level 5 in Short Blades
  6210 | D:5      | Learned a level 4 spell: Summon Lightning Spire
  6229 | D:6      | Reached skill level 11 in Stealth
  6322 | D:6      | Found an ornate altar of the Wu Jian Council.
  6404 | D:6      | Found a basalt altar of Yredelemnul.
  6407 | D:6      | Found a bloodstained altar of Trog.
  6408 | D:6      | Found a shadowy altar of Dithmenos.
  6409 | D:6      | Found a faded altar of an unknown god.
  6413 | D:6      | Became a worshipper of Dithmenos the Shadowed
  6416 | D:6      | Found a white marble altar of Elyvilon.
  6570 | D:6      | Reached skill level 5 in Dodging
  6580 | D:6      | HP: 2/51 [poisoned by a water moccasin]
  6894 | D:6      | Reached XP level 10. HP: 51/56 MP: 18/18
  6926 | D:6      | Mangled by a wight

Illustrated notes

Levels and vault maps discovered:
D:1:      amcnicky_arrival_abandoned_market, layout_loops_ring,
          basic_ecumenical_altar
D:2:      layout_loops_corners
D:3:      minmay_diamond_boxcup, layout_basic, portal_sewer_entry_e
D:4:      wander_river, layout_rooms, tso_metal_star, okawaru_altar_gauntlet_db
D:5:      layout_cave_pools, fiery_altar_vehumet,
          mainiacjoe_overflow_six_doors_small, amcnicky_altar_gilded
D:6:      cheibrodos_fzero, layout_layer_cave, mainiacjoe_overflow_alcove_2,
          chequers_temple_overflow_minitemple, doesnt_shop_hydraphobe,
          uniq_grinder, uniq_crazy_yiuf_cottage

Skill      XL: |  1  2  3  4  5  6  7  8  9 |
---------------+----------------------------+-----
Stealth        | 3 4 5 6 8 9 11 | 11.3
Short Blades   | 1 2 3 4 5 |  5.9
Dodging        | 3 4 5 |  5.1
Fighting       | 1 2 3 |  3.3
Spellcasting   | 3 4 5 |  5.9
Summonings     | 5 6 |  6.7
Hexes          | |  0.3

Action                   |  1- 3 |  4- 6 |  7- 9 | 10-12 || total
-------------------------+-------+-------+-------+-------++-------
Melee: Dagger            |    90 |   194 |    37 |       ||   321
       Punch             |     1 |     2 |       |       ||     3
       Quick blade       |       |       |   184 |    13 ||   197
 Cast: Summon Small Mamm |     7 |     2 |     2 |       ||    11
       Call Imp          |     5 |    11 |     9 |       ||    25
       Call Canine Famil |     2 |    13 |    15 |     1 ||    31
       Summon Guardian G |       |       |     2 |       ||     2
  Use: Scroll            |     4 |     6 |     5 |       ||    15
       Potion            |       |     4 |     2 |       ||     6
 Stab: Sleeping          |    15 |    24 |     6 |       ||    45
       Distracted        |       |     1 |     3 |       ||     4
Armor: Robe              |    14 |    60 |    17 |       ||    91
Dodge: Dodged            |    76 |   184 |   123 |     3 ||   386

Table legend: (Time is in decaauts)
 A = Elapsed time spent in this place.
 B = Non-inter-level travel time spent in this place.
 C = Inter-level travel time spent in this place.
 D = Time resting spent in this place.
 E = Time spent auto-exploring this place.
 F = Levels seen in this place.
 G = Mean time per level.
                   A        B        C        D        E       F      G
               +--------+--------+--------+--------+--------+-----+--------+
         Total |   7040 |   6958 |     82 |    893 |   3027 |   7 | 1005.7 |
       Dungeon |   5859 |   5777 |     82 |    660 |   2706 |   6 |  976.5 |
         Sewer |   1181 |   1181 |      0 |    233 |    321 |   1 | 1181.0 |
               +--------+--------+--------+--------+--------+-----+--------+

Top non-repeatable levels by time:
     D:6: 1376 daAuts
   Sewer: 1181 daAuts
     D:2: 1095 daAuts
     D:3: 987 daAuts
     D:5: 858 daAuts
     D:4: 784 daAuts
     D:1: 757 daAuts
